 Dungeon Crawl Stone Soup version 0.19.1-1-g22dce08 (webtiles) character file.

212 Gorglomux the Conjurer (level 5, -2/28 HPs)
             Began as a Deep Elf Conjurer on Jan 18, 2017.
             Slain by a bullfrog (7 damage)
             ... in a sewer.
             The game lasted 00:10:10 (3033 turns).

Gorglomux the Conjurer (Deep Elf Conjurer)          Turns: 3033, Time: 00:10:11

Health: -2/28      AC:  3    Str:  5    XL:     5   Next: 58%
Magic:  3/14       EV: 13    Int: 21    God:
Gold:   126        SH:  0    Dex: 15    Spells: 4 memorised, 1 level left

rFire  . . .     SeeInvis .     q - +2 short sword (elec)
rCold  . . .     Gourm    .     a - +0 robe
rNeg   . . .     Faith    .     (no shield)
rPois  .         Spirit   .     (no helmet)
rElec  .         Reflect  .     (no cloak)
rCorr  .         Harm     .     o - +0 pair of gloves
MR     .....                    (no boots)
Stlth  ++........               (no amulet)
                                (no ring)
                                (no ring)

@: very slightly contaminated, invisible
A: no striking features
a: no special abilities


You were in a sewer.
You were not hungry.

You visited 1 branch of the dungeon, and saw 3 of its levels.
You also visited: Sewer.

You collected 126 gold pieces.

Inventory:

Hand Weapons
 q - a +2 short sword of electrocution (weapon)
Armour
 a - a +0 robe (worn)
 o - a +0 pair of gloves (worn)
Scrolls
 f - a scroll of random uselessness {unknown}
 j - 2 scrolls of remove curse {unknown}
 k - a scroll of recharging {unknown}
 l - 2 scrolls of enchant weapon {unknown}
 p - 2 scrolls of immolation {unknown}
 r - 2 scrolls of amnesia {unknown}
Potions
 n - a potion of resistance {unknown}
Books
 b - a book of Conjurations

   Spells                             Type                      Level
   a - Magic Dart                     Conjuration                  1
   b - Searing Ray                    Conjuration                  2
   c - Dazzling Spray                 Conjuration/Hexes            3
   d - Fulminant Prism                Conjuration/Hexes            4
   e - Iskenderun's Mystic Blast      Conjuration                  4
   f - Iskenderun's Battlesphere      Conjuration/Charms           5
Comestibles
 c - 3 bread rations
 d - 8 fruits
 g - 2 meat rations
 i - 15 chunks of flesh
 s - a slice of pizza


   Skills:
 - Level 2.4 Dodging
 - Level 2.4 Stealth
 + Level 4.8 Spellcasting
 * Level 6.7 Conjurations
 + Level 1.3 Charms


You had one spell level left.
You knew the following spells:

 Your Spells              Type           Power        Failure   Level  Hunger
a - Magic Dart            Conj           ####         1%          1    None
b - Searing Ray           Conj           ####..       1%          2    None
c - Iskenderun's Mystic   Conj           ####....     10%         4    ####...
d - Iskenderun's Battles  Conj/Chrm      ###.....     67%         5    #####..


Dungeon Overview and Level Annotations

Branches:
Dungeon (3/15)

Altars:


Message History

The bullfrog completely misses you. The bullfrog misses you. x2
The bullfrog closely misses you.
You are very lightly contaminated with residual magic.
The ball python hisses angrily.
You hit the bullfrog.
The bullfrog is lightly wounded.
The bullfrog hits you.
* * * LOW HITPOINT WARNING * * *
The bullfrog closely misses you.
You hit the bullfrog.
The bullfrog is moderately wounded.
The bullfrog closely misses you. x2; The bullfrog hits you.
* * * LOW HITPOINT WARNING * * *
Casting: Iskenderun's Mystic Blast
Confirm with . or Enter, or press ? or * to list all spells.
You don't have enough magic to cast that spell.
You completely miss the bullfrog.
The bullfrog is moderately wounded.
The bullfrog misses you. The bullfrog hits you!
You die...

#############
#≈≈≈≈≈≈≈.≈≈.#####
#..≈≈≈≈≈≈≈≈≈..∩.#
#≈≈≈#########....≈#
####≈≈≈≈.≈≈≈≈..####.≈∩#
##≈≈#≈≈≈≈≈#####≈≈≈≈#####
####.≈≈#######≈∩≈#≈≈≈≈≈.≈##
##.≈≈≈.≈≈#.F@≈≈≈≈≈####≈≈≈≈≈##
##≈≈≈≈#.≈##SF.≈≈≈≈≈≈..###≈≈≈.#
#≈...##≈≈#s.#######≈≈.≈≈##≈≈≈≈
##≈..##≈≈##l≈# ###.≈≈≈##≈..
#≈..≈#≈≈≈#≈..≈ ##≈≈≈≈#≈≈≈
##≈≈≈##≈≈≈#≈≈≈.≈ ##≈≈≈##≈.
#.≈≈≈#≈≈..#≈≈S≈l≈ #≈≈.≈#≈≈
#∩.≈≈#≈≈≈≈#≈≈l$S.. #≈≈≈≈#≈.
#.≈≈≈#≈≈.≈#≈≈≈.[.:. #.≈≈≈#≈≈


You could see 2 bullfrogs, a leopard gecko, a giant cockroach and a ball python.

Vanquished Creatures
  3 adders
  16 oozes (Sewer)
  3 worms
  2 dart slugs
  11 leopard geckos
  An orc (D:3)
  6 ball pythons (Sewer)
  4 bats
  14 giant cockroaches
  4 goblins
  7 hobgoblins
  4 kobolds
  11 frilled lizards
  10 rats
96 creatures vanquished.

Notes
Turn   | Place    | Note
-------+----------+-------------------------------------------
     0 | D:1      | Gorglomux the Deep Elf Conjurer began the quest for the Orb.
     0 | D:1      | Reached XP level 1. HP: 10/10 MP: 6/6
   230 | D:1      | Reached XP level 2. HP: 15/15 MP: 2/8
   432 | D:1      | Reached skill level 5 in Conjurations
   798 | D:1      | Learned a level 2 spell: Searing Ray
   961 | D:2      | Reached XP level 3. HP: 19/19 MP: 6/9
  1600 | D:3      | Found a faded altar of an unknown god.
  2109 | D:3      | Found a glowing drain.
  2113 | Sewer    | Entered a sewer
  2115 | Sewer    | Reached XP level 4. HP: 24/24 MP: 6/11
  2237 | Sewer    | Reached skill level 6 in Conjurations
  2301 | Sewer    | Learned a level 4 spell: Iskenderun's Mystic Blast
  2538 | Sewer    | Reached XP level 5. HP: 7/28 MP: 1/13
  2712 | Sewer    | Learned a level 5 spell: Iskenderun's Battlesphere
  2982 | Sewer    | Reached skill level 1 in Charms
  3033 | Sewer    | Slain by a bullfrog

Skill      XL: |  1  2  3  4  5 |
---------------+----------------+-----
Conjurations   | 5 6 |  6.7
Spellcasting   | 4 |  4.8
Charms         | 1 |  1.3
Dodging        | |  2.4
Stealth        | |  2.4

Action                   |  1- 3 |  4- 6 || total
-------------------------+-------+-------++-------
Melee: Unarmed           |     3 |       ||     3
       Short sword       |     1 |    53 ||    54
 Cast: Magic Dart        |    61 |    65 ||   126
       Searing Ray       |     9 |     4 ||    13
       Iskenderun's Myst |       |     3 ||     3
  Use: Potion            |       |     4 ||     4
 Stab: Sleeping          |     1 |       ||     1
       Invisible         |       |     2 ||     2
  Eat: Chunk             |     4 |     4 ||     8
Armor: Robe              |       |    15 ||    15
Dodge: Dodged            |     5 |    80 ||    85
